 Dungeon Crawl Stone Soup version 0.30-a0-135-g630cfc4551 (webtiles) character file.

Game seed: 13931153188786772943

6845 scionoferis the Cleaver (level 11, -2/97 HPs)
             Began as a Meteoran Berserker on Sept 20, 2022.
             Was a Priest of Trog.
             Slain by a torpor snail (17 damage)
             ... on level 9 of the Dungeon.
             The game lasted 00:48:44 (4943 turns).

scionoferis the Cleaver (Meteoran Berserker)        Turns: 4943, Time: 00:48:44

Health: -2/97      AC: 22    Str: 23    XL:     11   Next: 50%
Magic:  12/12      EV: 11    Int: 16    God:    Trog [***...]
Gold:   592        SH:  0    Dex: 18    Spells: 10/10 levels left

rFire   + . .      SeeInvis .    j - +8 mace "Igefybubb" {vorpal, Fragile +Blink rCorr}
rCold   . . .      Faith    .    (no shield)
rNeg    . . .      Spirit   .    G - +4 chain mail
rPois   .          Reflect  .    g - +2 helmet
rElec   +          Harm     .    (no cloak)
rCorr   +          Rampage  .    (no gloves)
Will    +++..                    Q - +2 pair of boots of Hangman {rElec Int+3}
Stlth   ..........               m - amulet of the acrobat
HPRegen 1.26/turn                B - +6 ring of dexterity
MPRegen 0.13/turn                x - ring of protection from fire

@: strong-willed, regenerating, slowed, glowing, very slow
A: sense surroundings 2, otherworldly, glowing, explore regen, talons 2, clever
1
a: Renounce Religion, Evoke Blink, Berserk, Trog's Hand


You were on level 9 of the Dungeon.
You worshipped Trog.
Trog was most pleased with you.
You visited 2 branches of the dungeon, and saw 12 of its levels.
You also visited: Sewer.

You collected 592 gold pieces.

Inventory:

Hand Weapons
 j - the +8 mace "Igefybubb" (weapon) {vorpal, Fragile +Blink rCorr}
   (You found it on level 2 of the Dungeon)

   It inflicts extra damage upon your enemies.
   +Blink:    It lets you blink.
   rCorr:     It protects you from acid and corrosion.
   Fragile:   It will be destroyed if unequipped.
Missiles
 d - 2 silver boomerangs
 f - 37 poisoned darts
 q - 5 boomerangs (quivered)
 y - a throwing net
 E - 2 javelins
Armour
 g - a +2 helmet (worn)
 G - a +4 chain mail (worn)
 Q - the +2 pair of boots of Hangman (worn) {rElec Int+3}
   (You found it on level 11 of the Dungeon)

   Int:       It affects your intelligence (+3).
   rElec:     It insulates you from electricity.
Jewellery
 m - an amulet of the acrobat (around neck)
 s - a ring of positive energy
 x - a ring of protection from fire (right hand)
 B - a +6 ring of dexterity (left hand)
 N - a ring of fire
Wands
 p - a wand of mindburst (10)
 C - a wand of iceblast (15)
 H - a wand of polymorph (5)
 I - a wand of flame (31)
Scrolls
 o - a scroll of enchant armour {unknown}
 v - 2 scrolls of magic mapping
 z - a scroll of silence
 D - 3 scrolls of poison
 O - a scroll of torment {unknown}
Potions
 a - a potion of attraction {unknown}
 b - a potion of berserk rage {unknown}
 h - 2 potions of flight {unknown}
 i - 2 potions of cancellation {unknown}
 l - 2 potions of might {unknown}
 r - a potion of ambrosia {unknown}
 t - 3 potions of curing
 w - a potion of mutation
 K - 2 potions of haste {unknown}
 L - a potion of degeneration {unknown}


   Skills:
 + Level 9.2 Fighting
 * Level 13.5 Axes
 + Level 9.5 Armour
 + Level 5.3 Dodging
 + Level 4.6 Evocations


You had 10 spell levels left.
You didn't know any spells.
Your spell library was empty.

Dungeon Overview and Level Annotations

Branches:
Dungeon (11/15) Zot: 1673  Temple (0/1) D:4            Lair (1/5) D:9 Zot: 594
  Sewer (visited)
    Orc: D:9-12

Altars:
Cheibriados
Elyvilon
Fedhas
Gozag
Hepliaklqana
Kikubaaqudgha
Makhleb
Nemelex Xobeh
Qazlal
Vehumet
Xom
Yredelemnul

Shops:
D:3 :=

Annotations:
D:11 Gastronok


Innate Abilities, Weirdness & Mutations

You passively map the area around you.
You are easily found by Zot.
You glow in the dark.
You regain HP and MP as you explore.
You have razor-sharp toenails.
Your mind is acute. (Int +4, Str/Dex -1)


Message History

The yak looks frightened!
The torpor snail resists with some effort.
The blink frog looks frightened!
The blink frog blinks! x3
The yak closely misses your killer bee.
The torpor snail bites you but does no damage.
The blink frog blinks! x3
Your skin crawls.
You feel strong-willed.
The blink frog blinks! x2
Your killer bee stings the yak but does no damage.
Your wight barely misses the blink frog.
The torpor snail bites you but does no damage.
The yak barely misses your killer bee.
The blink frog blinks! x2
You sock the torpor snail!
The torpor snail is moderately wounded.
The blink frog blinks! x2; The yak gores your killer bee!
Your wight hits the yak with a +0 long sword.
Your wight's attack snaps the yak out of its fear.
The torpor snail bites you.
* * * LOW HITPOINT WARNING * * *
The blink frog blinks!
Your killer bee stings the yak. x2
The yak is poisoned.
Your killer bee poisons the yak!
The blink frog blinks!
Your wight hits the yak with a +0 long sword.
Your wight hits the yak with a +0 hand axe.
The yak gores your wight.
You hit the torpor snail.
The torpor snail is moderately wounded.
The blink frog blinks! x2; Your killer bee stings the yak.
The torpor snail bites you but does no damage.
The yak barely misses your wight.
The blink frog blinks! x2
Your killer bee stings the yak but does no damage.
Your wight hits the yak with a +0 long sword!
The yak dies!
Trog accepts your kill.
You thump the torpor snail!
The torpor snail is heavily wounded.
The blink frog seems to regain its courage.
The blink frog blinks! x2; Your wight misses the blink frog.
The torpor snail bites you!
You die...

#.........................#......
#.......#################.'......
#.......# ###...>.. #.......#
#...... #.......# ###'###
#..!....# #.# #####.### #..# ##.#
########## ##.# #.[# ###@.§.....#
####.## ##'###### #..w.z.....#
#...... #.......# #.#§.yz...§#
#...... #.......#
##.#....yy..###......
#.......###..#F..zy)§...#......
#.......##..##..F..†..#.#......
#.......'..###........#........
#.......#### ######.#####......
#.......# ####.# ##.####


You could see a torpor snail (ally target), 2 blink frogs, 4 friendly killer
bees and 3 friendly wights.

Vanquished Creatures
  A two-headed ogre (D:11)
  Pikel (D:8)
  An unseen horror (D:11)
  Maggie (D:7)
  A hornet (D:9)
  A troll (D:9)
  A wyvern (D:8)
  6 yaks
  A steam dragon (D:8)
  An acid dragon (D:9)
  2 water moccasins
  An orc warrior (D:11)
  2 ice beasts
  Pargi (Sewer)
  2 sky beasts
  An ogre (D:7)
  3 centaurs
  2 phantoms
  3 kobold brigands
  A bullfrog (D:9)
  A gnoll sergeant (D:5)
  3 necrophages
  2 scorpions (D:5)
  8 killer bees
  3 jellies (D:7)
  2 hounds (D:4)
  5 orc priests
  A gnoll bouda (D:8)
  2 iguanas (D:5)
  11 orc wizards
  10 gnolls
  5 adders
  2 white imps (D:6)
  2 worms (D:2)
  3 dart slugs
  23 orcs
  7 ball pythons
  4 bats
  6 endoplasms
  7 giant cockroaches
  3 goblins
  7 hobgoblins
  25 kobolds
  13 quokkas
  4 frilled lizards
  3 rats
195 creatures vanquished.

Vanquished Creatures (collateral kills)
  An ugly thing (D:11)
  A yak (D:9)
2 creatures vanquished.

Vanquished Creatures (others)
  A plant (D:2)
1 creature vanquished.

Grand Total: 198 creatures vanquished

Notes
Turn   | Place    | Note
-------+----------+-------------------------------------------
     0 | D:1      | scionoferis the Meteoran Berserker began the quest for the
                  | Orb.
     0 | D:1      | Reached XP level 1. HP: 19/19 MP: 2/2
    85 | D:1      | Reached skill level 4 in Axes
    85 | D:1      | Reached XP level 2. HP: 26/26 MP: 3/3
   369 | D:1      | Found a faded altar of an unknown god.
   369 | D:1      | Noticed a soul eater
   458 | D:2      | Reached XP level 3. HP: 31/31 MP: 4/4
   511 | D:2      | Reached ** piety under Trog
   588 | D:2      | Identified the +8 mace "Igefybubb" {vorpal, Fragile +Blink
                  | rCorr}
   791 | D:3      | Reached XP level 4. HP: 40/40 MP: 5/5
   803 | D:3      | Found Koacoh's Book Boutique.
   846 | D:3      | Found a hazy altar of Hepliaklqana.
   846 | D:3      | Found a blossoming altar of Fedhas.
   852 | D:3      | Found a white marble altar of Elyvilon.
   854 | D:3      | Found a faded altar of an unknown god.
   908 | D:3      | Found Teseagat's Jewellery Shop.
   991 | D:3      | Found a basalt altar of Yredelemnul.
  1078 | D:3      | Reached skill level 5 in Axes
  1242 | D:4      | Noticed a centaur
  1252 | D:4      | Killed a centaur
  1253 | D:4      | Reached XP level 5. HP: 46/46 MP: 6/6
  1303 | D:4      | Found a glowing drain.
  1318 | Sewer    | Entered a sewer
  1326 | Sewer    | Reached XP level 6. HP: 53/53 MP: 7/7
  1394 | Sewer    | Noticed Pargi
  1397 | Sewer    | Killed Pargi
  1398 | Sewer    | Reached skill level 6 in Axes
  1455 | D:4      | Found a staircase to the Ecumenical Temple.
  1524 | D:4      | Reached *** piety under Trog
  1544 | D:4      | Reached XP level 7. HP: 60/60 MP: 8/8
  1562 | D:4      | Reached skill level 5 in Fighting
  1586 | D:4      | Reached skill level 7 in Axes
  1586 | D:4      | Found a sparkling altar of Nemelex Xobeh.
  1645 | D:4      | Found a stormy altar of Qazlal.
  1908 | D:5      | Entered Level 5 of the Dungeon
  2011 | D:5      | Reached skill level 5 in Armour
  2011 | D:5      | Reached XP level 8. HP: 59/68 MP: 9/9
  2135 | D:5      | Reached skill level 8 in Axes
  2298 | D:5      | Found a snail-covered altar of Cheibriados.
  2437 | D:5      | Identified the +10 falchion of Change {venom, rF+ Will-
                  | Int+2}
  2600 | D:6      | Reached skill level 9 in Axes
  2673 | D:6      | Gained mutation: You passively map the area around you.
                  | [Meteoran growth]
  2673 | D:6      | Reached XP level 9. HP: 69/75 MP: 10/10
  2996 | D:7      | Noticed Maggie
  3004 | D:7      | Killed Maggie
  3005 | D:7      | Reached skill level 10 in Axes
  3064 | D:7      | Found a shimmering altar of Xom.
  3099 | D:7      | Reached **** piety under Trog
  3265 | D:7      | Found a burning altar of Makhleb.
  3293 | D:7      | Found an ancient bone altar of Kikubaaqudgha.
  3294 | D:7      | Found a radiant altar of Vehumet.
  3394 | D:8      | Reached skill level 11 in Axes
  3488 | D:8      | Reached XP level 10. HP: 74/86 MP: 11/11
  3506 | D:8      | Noticed Pikel
  3512 | D:8      | Killed Pikel
  3794 | D:8      | Reached skill level 12 in Axes
  3794 | D:8      | Reached skill level 1 in Evocations
  4175 | D:9      | You fall into a shaft and drop 2 floors!
  4202 | D:11     | Identified the +2 pair of boots of Hangman {rElec Int+3}
  4220 | D:11     | Gained mutation: You sometimes lose your temper in combat.
                  | [potion of mutation]
  4220 | D:11     | Gained mutation: Your mind is acute. (Int +4, Str/Dex -1)
                  | [potion of mutation]
  4221 | D:11     | Lost mutation: Your mind is acute. (Int +4, Str/Dex -1)
                  | [potion of mutation]
  4221 | D:11     | Lost mutation: You sometimes lose your temper in combat.
                  | [potion of mutation]
  4221 | D:11     | Gained mutation: You have sharp toenails. [potion of
                  | mutation]
  4221 | D:11     | Gained mutation: You have razor-sharp toenails. [potion of
                  | mutation]
  4221 | D:11     | Gained mutation: Your mind is acute. (Int +4, Str/Dex -1)
                  | [potion of mutation]
  4278 | D:11     | Noticed a two-headed ogre
  4287 | D:11     | Killed a two-headed ogre
  4288 | D:11     | Reached XP level 11. HP: 17/95 MP: 12/12
  4345 | D:11     | Noticed a cyan ugly thing
  4348 | D:11     | Noticed Gastronok
  4353 | D:11     | Killed a cyan ugly thing
  4354 | D:11     | Reached skill level 13 in Axes
  4355 | D:10     | Entered Level 10 of the Dungeon
  4355 | D:10     | Noticed an ogre mage
  4355 | D:10     | Noticed a white ugly thing
  4355 | D:10     | Noticed an orc knight
  4355 | D:10     | Noticed a centaur warrior
  4355 | D:10     | Noticed an orc knight
  4355 | D:10     | Noticed a six-headed hydra
  4513 | D:9      | Found an opulent altar of Gozag.
  4637 | D:9      | Reached skill level 5 in Dodging
  4801 | D:9      | Found a staircase to the Lair.
  4862 | Lair:1   | Entered Level 1 of the Lair of Beasts
  4862 | Lair:1   | Noticed a torpor snail
  4943 | D:9      | Slain by a torpor snail

Illustrated notes

Levels and vault maps discovered:
D:1:      lemuel_arrival_rhombus, layout_basic,
          dreamdust_ecumenical_altar_sealed_demon, dk_noncrumbling_4, hex_tiny
D:2:      layout_rooms, guppyfry_early_lair_pool
D:3:      layout_loops_ring, chequers_temple_overflow_minitemple,
          old_standard_altar, serial_shops, shop, nicolae_square_shop
D:4:      nicolae_cairo_tiling_large_dashed, layout_basic, grunt_qazlal_clouds,
          lemuel_crystal_altar, temple_hall, gup_sewer_entry_pipe
D:5:      layout_cave_pods, mainiacjoe_overflow_surrounded_room,
          minmay_misc_feat_alley, minmay_ogre_servants
D:6:      layout_basic, serial_glass, glass_columns_a, glass_columns_a,
          glass_columns_b, glass_columns_b, glass_columns_c, glass_columns_a
D:7:      layout_rooms, mainiacjoe_overflow_paths, kennysheep_mini,
          gammafunk_temple_overflow_pools, minmay_a_box_with_orc_wizards_in_it,
          uniq_maggie
D:8:      layout_gridville, uniq_pikel
D:9:      layout_roguey, mainiacjoe_overflow_cross_hatched, lair_entry_dummy,
          minmay_liquid_box
D:10:     minmay_the_grid_triangle_9x9_rhombus_full
          [minmay_the_grid_triangle_9x9_semitri,
          minmay_the_grid_triangle_9x9_fully_insulated_deathbox,
          minmay_the_grid_triangle_9x9_zippers_horizontal,
          minmay_the_grid_triangle_9x9_pentomino_pain,
          minmay_the_grid_triangle_9x9_subtriangle,
          minmay_the_grid_triangle_9x9_dagger,
          minmay_the_grid_triangle_9x9_windchime,
          minmay_the_grid_triangle_9x9_prize_top_heavy], layout_loops_ring,
          orc_0_dummy, uniq_fannar
D:11:     layout_loops_ring, special_room [special_room_orc],
          gammafunk_ghost_stat_death, uniq_gastronok
Lair:1:   layout_cave_pods, basic_altar, grunt_megastairs_3

Skill      XL: |  1  2  3  4  5  6  7  8  9 10 11 |
---------------+----------------------------------+-----
Axes           | 4 5 6 7 9 11 12 13 | 13.5
Armour         | 3 4 5 6 7 8 9 |  9.5
Fighting       | 4 5 6 7 8 9 |  9.2
Evocations     | 3 4 |  4.6
Dodging        | 4 5 |  5.3

Action                   |  1- 3 |  4- 6 |  7- 9 | 10-12 || total
-------------------------+-------+-------+-------+-------++-------
Melee: Hand axe          |    95 |       |       |       ||    95
       Mace              |     6 |    67 |   212 |   170 ||   455
       Punch             |       |       |     4 |     3 ||     7
Throw: Boomerang         |       |       |       |     1 ||     1
Invok: Berserk           |       |     1 |     3 |     3 ||     7
       Trog's Hand       |       |       |     2 |     6 ||     8
       Brothers in Arms  |       |       |       |     1 ||     1
Evoke: Wand              |       |       |       |     4 ||     4
  Use: Scroll            |       |     2 |     6 |     4 ||    12
       Potion            |       |       |       |     5 ||     5
 Stab: Distracted        |       |       |       |     1 ||     1
Armor: Animal skin       |     7 |       |       |       ||     7
       Scale mail        |    27 |     6 |       |       ||    33
       Ring mail         |     4 |       |       |    70 ||    74
       Plate armour      |       |    33 |   114 |       ||   147
       Chain mail        |       |       |       |    70 ||    70
Dodge: Dodged            |    44 |    36 |    78 |   115 ||   273

Table legend: (Time is in decaauts)
 A = Elapsed time spent in this place.
 B = Non-inter-level travel time spent in this place.
 C = Inter-level travel time spent in this place.
 D = Time resting spent in this place.
 E = Time spent auto-exploring this place.
 F = Levels seen in this place.
 G = Mean time per level.
                   A        B        C        D        E       F      G
               +--------+--------+--------+--------+--------+-----+--------+
         Total |   5050 |   4902 |    148 |      0 |      0 |  13 |  388.5 |
       Dungeon |   4924 |   4776 |    148 |      0 |      0 |  11 |  447.6 |
          Lair |      5 |      5 |      0 |      0 |      0 |   1 |    5.0 |
         Sewer |    119 |    119 |      0 |      0 |      0 |   1 |  119.0 |
               +--------+--------+--------+--------+--------+-----+--------+

Top non-repeatable levels by time:
     D:8: 869 daAuts
     D:5: 621 daAuts
     D:4: 599 daAuts
     D:9: 569 daAuts
     D:3: 468 daAuts
     D:7: 440 daAuts
     D:1: 416 daAuts
     D:6: 393 daAuts
     D:2: 350 daAuts
    D:11: 186 daAuts
   Sewer: 119 daAuts
    D:10: 10 daAuts
  Lair:1: 5 daAuts
